 Dungeon Crawl Stone Soup version 0.31-a0-544-gceb718ecc6 (webtiles) character file.

Game seed: 2755601006944091445

683 randomguy2701 the Reanimator (level 7, -1/36 HPs)
             Began as a Deep Elf Necromancer on Aug 15, 2023.
             Slain by a centaur (4 damage)
             ... on level 5 of the Dungeon.
             The game lasted 00:05:13 (4403 turns).

randomguy2701 the Reanimator (Deep Elf Necromancer) Turns: 4403, Time: 00:05:13

Health: -1/36      AC:  2    Str:  5    XL:     7   Next: 35%
Magic:  0/20       EV: 13    Int: 22    God:
Gold:   171        SH:  0    Dex: 15    Spells: 18/22 levels left

rFire   . . .        v - +0 orcbow
rCold   . . .        (shield currently unavailable)
rNeg    + . .        a - +0 robe
rPois   .            (no helmet)
rElec   .            (no cloak)
rCorr   .            (no gloves)
SInv    .            (no boots)
Will    .....        (no amulet)
Stlth   ++           u - ring of positive energy
HPRegen 0.26/turn    (no ring)
MPRegen 0.17/turn

%: no passive effects
@: no status effects
A: no striking features
a: no special abilities


You were on level 5 of the Dungeon.
You visited 1 branch of the dungeon, and saw 5 of its levels.

You collected 171 gold pieces.

Inventory:

Hand Weapons
 v - a +0 orcbow (weapon)
Armour
 a - a +0 robe (worn)
Jewellery
 u - a ring of positive energy (left hand)
Scrolls
 c - 2 scrolls of enchant weapon {unknown}
 f - 5 scrolls of identify {unknown}
 g - a scroll of noise {unknown}
 h - 2 scrolls of fog {unknown}
 i - a scroll of revelation {unknown}
 j - a scroll of blinking {unknown}
 m - 4 scrolls of teleportation {unknown}
 o - a scroll of fear {unknown}
 p - 2 scrolls of poison {unknown}
 q - a scroll of amnesia {unknown}
 s - 2 scrolls of butterflies {unknown}
 t - 2 scrolls of torment {unknown}
Potions
 b - 2 potions of magic
 d - 2 potions of curing {unknown}
 e - 2 potions of heal wounds {unknown}
 k - a potion of lignification {unknown}
 l - 2 potions of berserk rage {unknown}
 n - a potion of ambrosia {unknown}
 r - a potion of haste {unknown}


   Skills:
 + Level 3.4 Dodging
 + Level 2.6 Stealth
 + Level 8.0 Spellcasting
 + Level 8.0 Necromancy


You had 18 spell levels left.
You knew the following spells:

 Your Spells              Type           Power      Damage    Failure   Level
a - Necrotise             Necr           100%       1d9       1%          1
b - Vampiric Draining     Necr           44%        2d9       1%          3

Your spell library contained the following spells:

 Spells                   Type           Power      Damage    Failure   Level
 Animate Dead             Necr           44%        N/A       2%          4
 Agony                    Necr           44%        N/A       8%          5


Dungeon Overview and Level Annotations

Branches:
Dungeon (5/15)
 Temple: D:4-7

Altars:
Dithmenos
Elyvilon
Gozag
Kikubaaqudgha

Annotations:
D:4 Grinder


Message History

Aiming: Vampiric Draining (safe; 1% risk of failure)
Press: ? - help, Shift-Dir - straight line, f/p - black bear
Aim: a black bear (almost dead)
You draw life force from the black bear!
You kill the black bear!
You feel life coursing into your body.
Your Spellcasting skill increases to level 8!
Your Necromancy skill increases to level 8!
Things that are here:
a +0 orcbow; a black bear corpse
v - a +0 orcbow
v - a +0 orcbow (weapon)
u - a ring of positive energy (left hand)
A centaur comes into view.
A centaur is nearby!
A centaur is nearby!
Casting: Vampiric Draining (safe; 1% risk of failure)
Confirm with . or Enter, or press ? or * to list all spells.
Aiming: Necrotise (safe; 1% risk of failure)
Press: ? - help, Shift-Dir - straight line, f - centaur
Aim: a centaur (wandering, hasn't noticed you, chance to affect: 83%)
The centaur shouts!
The centaur barely resists.
The centaur wields a +0 orcbow.
The centaur shoots an arrow.
The arrow hits you!
* * * LOW HITPOINT WARNING * * *
The centaur unwields a +0 orcbow.
The centaur closely misses you. The centaur kicks you.
* * * LOW HITPOINT WARNING * * *
Casting: Necrotise (safe; 1% risk of failure)
Confirm with . or Enter, or press ? or * to list all spells.
Aiming: Vampiric Draining (safe; 1% risk of failure)
Press: ? - help, Shift-Dir - straight line, f/p - centaur
Aim: a centaur You draw life force from the centaur!
You feel life coursing into your body. The centaur hits you.
* * * LOW HITPOINT WARNING * * *
The centaur kicks you.
* * * LOW HITPOINT WARNING * * *
The centaur hits you.
You die...

.....##......#..........##......
..<.. #............#.....#......
.... #.......##########........
... #......## #........
#......#. #.#(..... ###....#.
######... ##...#. #......
###.#c### ####... ##.##@.# #...
#..##.†# ##.#. #.####'# ###..#.
#.'....# #...... ###.88.#
###...... #.88.# #........
#....# #........ ######
#........ #........


You could see a centaur.

Vanquished Creatures
  3 black bears
  A centaur (D:5)
  Blork the orc (D:5)
  A hound (D:5)
  A gnoll bouda (D:4)
  A sleepcap (D:4)
  Jessica (D:3)
  5 gnolls (D:4)
  3 adders
  A worm (D:3)
  2 dart slugs
  2 orcs (D:4)
  8 ball pythons
  3 endoplasms (D:1)
  3 giant cockroaches
  4 goblins
  10 hobgoblins
  6 jackals
  11 kobolds
  3 quokkas
  3 bats
  2 frilled lizards (D:1)
  6 rats
81 creatures vanquished.

Vanquished Creatures (collateral kills)
  An endoplasm (D:1)
  A bat (D:2)
  2 rats (D:1)
4 creatures vanquished.

Grand Total: 85 creatures vanquished

Notes
Turn   | Place    | Note
-------+----------+-------------------------------------------
     0 | D:1      | randomguy2701 the Deep Elf Necromancer began the quest for
                  | the Orb.
     0 | D:1      | Reached XP level 1. HP: 10/10 MP: 6/6
    89 | D:1      | Reached skill level 5 in Necromancy
   254 | D:1      | Reached XP level 2. HP: 14/15 MP: 0/8
   680 | D:1      | Found a faded altar of an unknown god.
  1112 | D:2      | Reached XP level 3. HP: 19/19 MP: 7/10
  2130 | D:3      | Noticed Jessica
  2132 | D:3      | Killed Jessica
  2133 | D:3      | Reached skill level 5 in Spellcasting
  2133 | D:3      | Reached XP level 4. HP: 24/24 MP: 11/13
  2226 | D:3      | Found a white marble altar of Elyvilon.
  2802 | D:4      | Reached XP level 5. HP: 19/28 MP: 3/15
  2953 | D:4      | Noticed an orc warrior
  2963 | D:4      | Learned a level 3 spell: Vampiric Draining
  3251 | D:4      | Found an opulent altar of Gozag.
  3576 | D:4      | Noticed a black bear
  3583 | D:4      | Killed a black bear
  3584 | D:4      | Reached XP level 6. HP: 32/32 MP: 7/17
  3671 | D:4      | Identified the +2 leather armour of the Rotten Rhinotaur
                  | {Dex+6}
  3727 | D:4      | Found a shadowy altar of Dithmenos.
  3791 | D:4      | Noticed Grinder
  3854 | D:4      | Paralysed by Grinder for 4 turns
  4023 | D:5      | Entered Level 5 of the Dungeon
  4029 | D:5      | Noticed Blork the orc
  4037 | D:5      | Killed Blork the orc
  4259 | D:5      | Found an ancient bone altar of Kikubaaqudgha.
  4265 | D:5      | Reached XP level 7. HP: 31/36 MP: 13/19
  4346 | D:5      | Noticed a vampire
  4403 | D:5      | Slain by a centaur

Illustrated notes

Levels and vault maps discovered:
D:1:      dpeg_arrival_ratfight, layout_loops_ring,
          hellmonk_ecumenical_altar_arch_garden, chequers_serial_rivers_small_3,
          minmay_tetromino_i2
D:2:      layout_rooms, serial_aquarium, aquarium_bridge_straight
          [aquarium_subvault_bridge, aquarium_subvault_window,
          aquarium_subvault_bridge, aquarium_subvault_window],
          aquarium_bridge_straight [aquarium_subvault_bridge,
          aquarium_subvault_wall, aquarium_subvault_bridge,
          aquarium_subvault_balcony], aquarium_window_2,
          aquarium_window_corridor_1, aquarium_view_2a, aquarium_balcony_1b
D:3:      layout_basic, elyvilon_altar_1, chequers_serial_rivers_small_3,
          uniq_jessica
D:4:      layout_loops_ring, mainiacjoe_overflow_surrounded_room,
          lemuel_doored_altar, minmay_misc_feat_hallway, minmay_manual_mullet,
          uniq_grinder
D:5:      minmay_chambers_of_fours, layout_rooms, mainiacjoe_overflow_alcove_4,
          uniq_blork_the_orc

Skill      XL: |  1  2  3  4  5  6  7 |
---------------+----------------------+-----
Necromancy     | 5 6 7 8 |  8.0
Spellcasting   | 5 6 7 8 |  8.0
Dodging        | 3 |  3.4
Stealth        | |  2.6

Action                     |  1- 3 |  4- 6 |  7- 9 || total
---------------------------+-------+-------+-------++-------
  Melee: Unarmed           |     2 |     1 |       ||     3
   Cast: Necrotise         |    77 |    86 |     5 ||   168
         Vampiric Draining |       |     1 |     6 ||     7
 Armour: Robe              |     4 |     3 |     3 ||    10
  Dodge: Dodged            |    16 |    16 |     5 ||    37

Table legend: (Time is in decaauts)
 A = Elapsed time spent in this place.
 B = Non-inter-level travel time spent in this place.
 C = Inter-level travel time spent in this place.
 D = Time resting spent in this place.
 E = Time spent auto-exploring this place.
 F = Levels seen in this place.
 G = Mean time per level.
                   A        B        C        D        E       F      G
               +--------+--------+--------+--------+--------+-----+--------+
         Total |   4440 |   4232 |    208 |      0 |   3696 |   5 |  888.0 |
       Dungeon |   4440 |   4232 |    208 |      0 |   3696 |   5 |  888.0 |
               +--------+--------+--------+--------+--------+-----+--------+

Top non-repeatable levels by time:
     D:4: 1177 daAuts
     D:1: 1085 daAuts
     D:3: 961 daAuts
     D:2: 837 daAuts
     D:5: 378 daAuts
